 Dungeon Crawl Stone Soup version 0.21-a0-582-g1b93aee (webtiles) character file.

841 vishdafish the Poker (level 7, -2/50 HPs)
             Began as a Demonspawn Skald on Dec 19, 2017.
             Slain by Grinder (8 damage)
             ... on level 5 of the Dungeon.
             The game lasted 00:10:18 (4070 turns).

vishdafish the Poker (Demonspawn Skald)             Turns: 4070, Time: 00:10:19

Health: -2/50      AC:  9    Str: 11    XL:     7   Next: 67%
Magic:  10/10      EV: 17    Int: 17    God:
Gold:   250        SH:  2    Dex: 12    Spells: 9/10 levels left

rFire    . . .     SeeInvis .   z - +0 trident
rCold    . . .     Gourm    .   (no shield)
rNeg     . . .     Faith    .   b - +0 leather armour
rPois    .         Spirit   .   (no helmet)
rElec    .         Reflect  +   (no cloak)
rCorr    .         Harm     .   u - +0 pair of gloves
MR       .....                  i - +2 pair of boots
Stlth    +.........             h - +2 amulet of reflection
HPRegen  0.16/turn              r - +4 ring of evasion
MPRegen  0.12/turn              (no ring)

@: no status effects
A: talons 2, yellow scales 1, spiny 2
a: no special abilities


You were on level 5 of the Dungeon.
You were hungry.

You visited 2 branches of the dungeon, and saw 6 of its levels.

You collected 250 gold pieces.

Inventory:

Hand Weapons
 a - a +0 spear
 x - a +0 hand axe of venom
 z - a +0 trident (weapon)
Armour
 b - a +0 leather armour (worn)
 i - a +2 pair of boots (worn)
 u - a +0 pair of gloves (worn)
Jewellery
 h - a +2 amulet of reflection (around neck)
 r - a +4 ring of evasion (left hand)
Scrolls
 e - 2 scrolls of remove curse
 g - 3 scrolls of teleportation
 k - 2 scrolls of magic mapping {unknown}
 m - a scroll of immolation {unknown}
 p - 2 scrolls of random uselessness {unknown}
 q - 2 scrolls of amnesia {unknown}
 s - a scroll of enchant armour {unknown}
 t - 2 scrolls of fear {unknown}
 y - a scroll of fog {unknown}
Potions
 f - a potion of heal wounds {unknown}
 j - a potion of magic
 l - 2 potions of cancellation {unknown}
 n - 2 potions of brilliance
 v - a potion of might {unknown}
Books
 c - a book of Battle

   Spells                             Type                      Level
   a - Infusion                       Charms                       1
   b - Shroud of Golubria             Charms/Translocation         2
   c - Song of Slaying                Charms                       2
   d - Spectral Weapon                Hexes/Charms                 3
   e - Regeneration                   Charms/Necromancy            3
Comestibles
 d - 11 rations
 w - 2 chunks of flesh


   Skills:
 - Level 2.0 Fighting
 * Level 5.3 Polearms
 + Level 3.4 Armour
 + Level 3.8 Dodging
 - Level 2.0 Spellcasting
 + Level 4.4 Charms


You had 9 spell levels left.
You knew the following spells:

 Your Spells              Type           Power        Failure   Level  Hunger
a - Infusion              Chrm           ###.         4%          1    #......


Dungeon Overview and Level Annotations

Branches:
Dungeon (5/15)             Temple (1/1) D:4

Altars:
Ashenzari
Dithmenos
Fedhas
Gozag
Hepliaklqana
Kikubaaqudgha
Makhleb
Okawaru
Ru
Sif Muna
Trog
Wu Jian
Xom
Yredelemnul
Zin
The Shining One

Shops:
D:5 %

Portals:
Ossuary: D:5

Annotations:
D:5 Grinder, Ijyb, Sigmund


Innate Abilities, Weirdness & Mutations

You have razor-sharp toenails.
You are partially covered in yellow scales. (AC +2)
You are mostly covered in sharp spines.


Message History

You feel better. Grinder misses you.
You hit Grinder but do no damage.
Grinder is moderately wounded.
Grinder is struck by your spines. Grinder hits you.
You writhe in agony.
You closely miss Grinder.
Grinder is heavily wounded.
Grinder is struck by your spines. Grinder misses you.
You closely miss Grinder.
Grinder is heavily wounded.
Grinder hits you but does no damage.
You closely miss Grinder.
Grinder is heavily wounded.
Grinder hits you!
* * * LOW HITPOINT WARNING * * *
You writhe in agony.
* * * LOW HITPOINT WARNING * * *
You hit Grinder but do no damage.
Grinder is heavily wounded.
Grinder is struck by your spines. Grinder hits you!
You die...

#.# #.# ..#
####.###.# ..#
#. .#
.........# ..#
#. .#
####.##### ##.
.#
###.#####...
.. .#
#...........
#.#.#
#...#######.
...# #.###
####.######..#
#.#
#......5@)...#
##(#
#.#########.##
..(# #.# ##c#
#.# #.# #.#
#.# #.# ..#
#.# #.# ..#
.#. ###


You could see Grinder.

Vanquished Creatures
  Eustachio (D:5)
  A centaur (D:5)
  A scorpion (D:5)
  A howler monkey (D:4)
  A crimson imp (D:5)
  An orc priest (D:3)
  2 hounds
  An iguana (D:5)
  4 orc wizards
  4 worker ants
  4 gnolls (D:5)
  4 adders
  A shadow imp (D:5)
  3 oozes
  2 worms (D:3)
  A dart slug (D:1)
  A leopard gecko (D:3)
  13 orcs
  5 bats
  4 giant cockroaches
  5 goblins
  4 hobgoblins
  A jackal (D:3)
  5 quokkas
  4 frilled lizards
  4 kobolds (D:1)
  A quokka skeleton (D:4)
  5 rats (D:3)
84 creatures vanquished.

Notes
Turn   | Place    | Note
-------+----------+-------------------------------------------
     0 | D:1      | vishdafish the Demonspawn Skald began the quest for the Orb.
     0 | D:1      | Reached XP level 1. HP: 16/16 MP: 3/3
    60 | D:1      | Reached skill level 1 in Armour
   217 | D:1      | Reached skill level 2 in Polearms
   282 | D:1      | Gained mutation: You are partially covered in sharp spines. [demonic ancestry]
   282 | D:1      | Reached XP level 2. HP: 22/22 MP: 5/5
   945 | D:2      | Found a basalt altar of Yredelemnul.
  1405 | D:2      | Reached XP level 3. HP: 25/27 MP: 6/6
  1881 | D:3      | Gained mutation: You have sharp toenails. [demonic ancestry]
  1881 | D:3      | Reached XP level 4. HP: 22/33 MP: 7/7
  1884 | D:3      | Noticed an orc warrior
  1941 | D:3      | Found a shimmering altar of Xom.
  1945 | D:3      | Reached skill level 3 in Polearms
  2231 | D:3      | Found an opulent altar of Gozag.
  2268 | D:3      | Found a glowing golden altar of the Shining One.
  2270 | D:3      | Found a burning altar of Makhleb.
  2376 | D:3      | Gained mutation: You are mostly covered in sharp spines. [demonic ancestry]
  2376 | D:3      | Reached XP level 5. HP: 38/38 MP: 1/8
  2434 | D:3      | Found a basalt altar of Yredelemnul.
  2464 | D:3      | Found an ancient bone altar of Kikubaaqudgha.
  2992 | D:4      | Gained mutation: You are partially covered in yellow scales. (AC +2) [demonic ancestry]
  2992 | D:4      | Reached XP level 6. HP: 44/44 MP: 6/9
  3108 | D:4      | Reached skill level 4 in Polearms
  3293 | D:4      | Found a staircase to the Ecumenical Temple.
  3306 | Temple   | Entered the Ecumenical Temple
  3456 | D:5      | Entered Level 5 of the Dungeon
  3531 | D:5      | Found Bidiv's Food Shop.
  3602 | D:5      | Gained mutation: You have razor-sharp toenails. [demonic ancestry]
  3602 | D:5      | Reached XP level 7. HP: 43/50 MP: 3/10
  3646 | D:5      | Noticed Ijyb
  3829 | D:5      | Noticed Eustachio
  3854 | D:5      | Killed Eustachio
  3854 | D:5      | Reached skill level 5 in Polearms
  3875 | D:5      | Found a shimmering altar of Xom.
  3990 | D:5      | Noticed Sigmund
  3991 | D:5      | Found a sand-covered staircase.
  4035 | D:5      | Noticed Grinder
  4070 | D:5      | Slain by Grinder

Vault maps used:
D:1:      mrwooster_arrival_statue_2
D:2:      lemuel_tele_altar
D:3:      nicolae_overflow_crystal_walls, overflow_temple_1_default,
          gammafunk_temple_overflow_forgotten, first_ration, tgw_xom
D:4:      temple_statues
D:5:      slow_altar_2, kennysheep_little_box, serial_shops,
          nicolae_shop_crystal, nicolae_ossuary_entry_monument, basic_altar,
          uniq_edmund, uniq_eustachio, uniq_ijyb, uniq_sigmund, uniq_grinder
Temple:   compressed_dpeg_circular_temple

Skill      XL: |  1  2  3  4  5  6  7 |
---------------+----------------------+-----
Armour         | 1 2 3 |  3.4
Polearms       | 2 3 4 5 |  5.3
Dodging        | 2 3 |  3.8
Charms         | 3 4 |  4.4
Fighting       | |  2.0
Spellcasting   | |  2.0

Action                   |  1- 3 |  4- 6 |  7- 9 || total
-------------------------+-------+-------+-------++-------
Melee: Spear             |   101 |   147 |    88 ||   336
       Trident           |       |       |     7 ||     7
 Cast: Infusion          |     3 |     9 |     2 ||    14
  Use: Scroll            |     1 |     7 |     3 ||    11
       Potion            |       |     1 |     3 ||     4
  Eat: Chunk             |     2 |     7 |     1 ||    10
Armor: Leather armour    |    22 |    10 |    16 ||    48
Dodge: Dodged            |    55 |    82 |    57 ||   194
Block: Other             |     6 |    14 |     5 ||    25
       Reflection        |     1 |       |       ||     1

Table legend:
 A = Spawn XP
 B = Non-spawn XP
 C = Spawn XP percentage of total XP
 D = Spawn monster count
 E = Non-spawn monster count
 F = Spawn count percentage of total count
 G = Total turns spent on level
                    A         B        C        D         E        F      G
               +---------+---------+-------+---------+---------+-------+---------
         Total |       0 |    1202 |   0.0 |       0 |      84 |   0.0 |  4070
               +---------+---------+-------+---------+---------+-------+---------
           D:1 |       0 |      34 |   0.0 |       0 |      17 |   0.0 |   866
           D:2 |       0 |      24 |   0.0 |       0 |       5 |   0.0 |   892
           D:3 |       0 |     189 |   0.0 |       0 |      27 |   0.0 |   892
           D:4 |       0 |     202 |   0.0 |       0 |      13 |   0.0 |   732
           D:5 |       0 |     753 |   0.0 |       0 |      22 |   0.0 |   614
               +---------+---------+-------+---------+---------+-------+---------
